 Dungeon Crawl Stone Soup version 0.26-b1-45-g23770d1d51 (webtiles) character file.

Game seed: 4354238589866275225

736 DocSulfur the Ruffian (level 7, 52/52 HPs)
             Began as a Black Draconian Transmuter on Jan 6, 2021.
             Was an Initiate of Makhleb.
             Quit the game on level 4 of the Dungeon.
             The game lasted 00:09:29 (5458 turns).

DocSulfur the Ruffian (Black Draconian Transmuter)  Turns: 5458, Time: 00:09:29

Health: 52/52      AC:  6    Str: 14    XL:     7   Next: 46%
Magic:  13/13      EV: 12    Int: 14    God:    Makhleb [......]
Gold:   244        SH:  0    Dex: 11    Spells: 11/14 levels left

rFire    . . .     SeeInvis .     - Unarmed
rCold    + + .     Faith    .   (no shield)
rNeg     . . .     Spirit   .   (armour unavailable)
rPois    .         Reflect  .   (helmet restricted)
rElec    +         Harm     .   m - scarf {rC+ rF+}
rCorr    .         Rampage  .   (no gloves)
Will     .....                  (no boots)
Stlth    +.........             (no amulet)
HPRegen  0.17/turn              s - ring of ice
MPRegen  0.13/turn              (no ring)

@: no status effects
A: breathe lightning, unfitting armour, electricity resistance, cold-blooded, AC
+6
a: Breathe Lightning, Renounce Religion


You were on level 4 of the Dungeon.
You worshipped Makhleb.
Makhleb was noncommittal.
You visited 2 branches of the dungeon, and saw 5 of its levels.

You collected 244 gold pieces.

Inventory:

Missiles
 c - 71 bolts
 d - 100 stones
 f - 30 poisoned darts
 i - 18 sling bullets
Armour
 m - a scarf of resistance (worn)
Jewellery
 s - a ring of ice (left hand)
Wands
 j - a wand of flame (25)
 r - a wand of digging (6)
Scrolls
 e - 3 scrolls of remove curse
 k - a scroll of immolation
 n - a scroll of teleportation
 o - a scroll of amnesia {unknown}
 t - a scroll of identify
Potions
 a - a potion of degeneration {unknown}
 b - a potion of might
 g - 2 potions of curing
 h - a potion of magic
 l - a potion of flight {unknown}
 p - a potion of berserk rage {unknown}
 q - a potion of attraction {unknown}


   Skills:
 + Level 1.5 Fighting
 - Level 1.7 Dodging
 + Level 0.4 Stealth
 * Level 6.0 Unarmed Combat
 + Level 4.0 Spellcasting
 * Level 5.2 Transmutations


You had 11 spell levels left.
You knew the following spells:

 Your Spells              Type           Power        Failure   Level
a - Beastly Appendage     Tmut           34%          2%          1
b - Wereblood             Tmut           17%          3%          2

Your spell library contained the following spells:

 Spells                   Type           Power        Failure   Level
 Spider Form              Tmut/Pois      5%           21%         3
 Ice Form                 Ice/Tmut       15%          54%         4
 Blade Hands              Tmut           8%           54%         5


Dungeon Overview and Level Annotations

Branches:
Dungeon (4/15)             Temple (1/1) D:4

Altars:
Ashenzari
Gozag
Makhleb
Nemelex Xobeh
Okawaru
Ru
Sif Muna
Trog
Vehumet
Wu Jian
Yredelemnul
Zin
The Shining One

Shops:
D:4 ?*=([


Innate Abilities, Weirdness & Mutations

You can breathe wild blasts of lightning.
Your glossy black scales are hard. (AC +6)
You cannot fit into any form of body armour.
You are resistant to electric shocks. (rElec)
You are cold-blooded and may be slowed by cold attacks.


Message History

There is an open door here.
There is an open door here.
There is an entrance to Woxt's Magic Scroll Shop here.
There is an open door here.
Things that are here:
a cursed +0 club; an orc skeleton
Things that are here:
a +0 short sword; an orc skeleton
Things that are here:
a +2 falchion of distortion; a +0 leather armour
Things that are here:
a +1 hand axe of venom; a +0 scale mail Done exploring.
Done exploring.
Done exploring.
Done exploring.
Done exploring.
You feel more attuned to ice.
s - a ring of ice (left hand) Are you sure you want to abandon this character and quit the game? (Confirm with "yes".)

≈≈.≈≈#.########....# #.......
##'###.............# #.......
#.##.##........##.##########....
#.##............................
##.....#..)).......##########....
.......#)####......##########...#
#.......))###...................#
#...........'..)................+
#......######.).@...............#
#........# ###.................#
#........######..........∩......#
#............##...............###
#.....>......)'...............#
#.....##.....##....######.....#
########.....##....# #.....#
########....# #.....# ######
#.....#


There were no monsters in sight!

Vanquished Creatures
  Eustachio (D:4)
  An ogre (D:3)
  A scorpion (D:3)
  2 hounds (D:4)
  An orc priest (D:3)
  2 orc wizards (D:4)
  Terence (D:3)
  3 worker ants (D:4)
  6 adders
  5 gnolls
  2 oozes (D:1)
  An adder zombie (D:3)
  A worm (D:3)
  5 dart slugs
  17 orcs
  8 bats
  4 giant cockroaches
  7 goblins
  5 hobgoblins
  12 jackals
  5 kobolds
  2 ball pythons
  7 frilled lizards
  A leopard gecko skeleton (D:4)
  8 rats
108 creatures vanquished.

Notes
Turn   | Place    | Note
-------+----------+-------------------------------------------
     0 | D:1      | DocSulfur the Draconian Transmuter began the quest for the
                  | Orb.
     0 | D:1      | Reached XP level 1. HP: 16/16 MP: 3/3
    66 | D:1      | Reached XP level 2. HP: 20/23 MP: 5/5
    69 | D:1      | Learned a level 2 spell: Wereblood
   387 | D:1      | Reached XP level 3. HP: 28/28 MP: 2/6
   389 | D:1      | Reached skill level 4 in Unarmed Combat
   520 | D:1      | You fall into a shaft and drop 1 floor!
   848 | D:1      | Reached XP level 4. HP: 35/35 MP: 1/7
  1963 | D:3      | Noticed Terence
  2343 | D:3      | Killed Terence
  2344 | D:3      | Reached XP level 5. HP: 3/40 MP: 6/9
  2821 | D:3      | Noticed an ogre
  2832 | D:3      | Killed an ogre
  2874 | D:3      | Reached skill level 5 in Unarmed Combat
  3511 | D:3      | Reached XP level 6. HP: 30/47 MP: 8/10
  3813 | D:4      | Found Edysio's Antique Armour Boutique.
  3813 | D:4      | Noticed Eustachio
  3820 | D:4      | Found Riaheug's Weapon Shop.
  4392 | D:4      | Found a staircase to the Ecumenical Temple.
  4407 | Temple   | Entered the Ecumenical Temple
  4560 | Temple   | Became a worshipper of Makhleb the Destroyer
  4584 | D:4      | Found Ycyddepis's General Store.
  4721 | D:4      | Found Sesioc's Jewellery Emporium.
  4849 | D:4      | Your scales start taking on a glossy black colour.
  4849 | D:4      | Reached XP level 7. HP: 20/52 MP: 10/12
  4849 | D:4      | Gained mutation: You are resistant to electric shocks.
                  | (rElec) [Black Draconian growth]
  4955 | D:4      | Killed Eustachio
  4956 | D:4      | Reached skill level 5 in Transmutations
  4977 | D:4      | Reached skill level 6 in Unarmed Combat
  5360 | D:4      | Found Woxt's Magic Scroll Shop.
  5458 | D:4      | Quit the game

Illustrated notes

Levels and vault maps discovered:
D:1:      nzn_arrival_water_spiral, layout_basic, minmay_misc_feat_hallway
D:2:      layout_loops_ring
D:3:      minmay_octagon_keep, layout_basic, uniq_terence
D:4:      layout_basic, minmay_temple_entry_statues_fountains, serial_shops,
          kennysheep_little_box, shop, shop, nicolae_shop_trees, shop,
          uniq_eustachio
Temple:   dshaligram_water_room_temple

Skill      XL: |  1  2  3  4  5  6  7 |
---------------+----------------------+-----
Unarmed Combat | 4 5 6 |  6.0
Transmutations | 3 4 5 |  5.2
Spellcasting   | 3 4 |  4.0
Fighting       | |  1.5
Dodging        | |  1.7
Stealth        | |  0.4

Action                   |  1- 3 |  4- 6 |  7- 9 || total
-------------------------+-------+-------+-------++-------
Melee: Unarmed           |    79 |   225 |    33 ||   337
       Tailslap          |     8 |    19 |     6 ||    33
       Kick              |    13 |    31 |     5 ||    49
       Headbutt          |     6 |    29 |     3 ||    38
       Punch             |     1 |     6 |       ||     7
 Cast: Beastly Appendage |    11 |    31 |     5 ||    47
       Wereblood         |     7 |    26 |     2 ||    35
 Abil: Breathe Lightning |       |       |     1 ||     1
Evoke: Wand              |       |       |     2 ||     2
  Use: Scroll            |       |     6 |       ||     6
       Potion            |       |     1 |     2 ||     3
Armor: Skin              |    27 |    65 |    13 ||   105
Dodge: Dodged            |    55 |   154 |    26 ||   235
